 Dungeon Crawl Stone Soup version 0.25.0-8-gfd19cd77bd (webtiles) character file.

Game seed: 15179748671004822948

34120 Kerr0r the Warrior (level 13, -6/196 (201) HPs)
             Began as a Hill Orc Berserker on June 16, 2020.
             Was a Priest of Trog.
             Killed by Freeze
             ... invoked by skumtomte's ghost
              (10 damage)
             ... on level 3 of the Lair of Beasts.
             The game lasted 00:57:02 (21336 turns).

Kerr0r the Warrior (Hill Orc Berserker)            Turns: 21336, Time: 00:57:03

HP:   -6/196 (201)  AC: 10    Str: 25    XL:     13   Next: 75%
MP:   0/13          EV: 11    Int:  7    God:    Trog [***...]
Gold: 1034          SH:  0    Dex: 10    Spells: 12/12 levels left

rFire    + + .     SeeInvis .   q - +8 trident of the Octopus King {venom, rElec rPois MR+}
rCold    . . .     Gourm    .   (no shield)
rNeg     . . .     Faith    .   u - +1 ring mail of Vehumet's Esteem {rElec rF+}
rPois    +         Spirit   +   (no helmet)
rElec    +         Reflect  .   B - +0 cloak
rCorr    .         Harm     .   (no gloves)
MR       +....                  g - +0 pair of boots
Stlth    ..........             h - amulet of guardian spirit
HPRegen  0.42/turn              U - ring of poison resistance
MPRegen  0.13/turn              w - ring of protection from fire

@: berserking, very slightly contaminated, starving, very quick
A: no striking features
a: Berserk, Trog's Hand, Renounce Religion


You were on level 3 of the Lair of Beasts.
You worshipped Trog.
Trog was most pleased with you.
You were starving.

You visited 2 branches of the dungeon, and saw 15 of its levels.
You visited the Abyss 1 time.

You collected 1154 gold pieces.
You spent 120 gold pieces at shops.

Inventory:

Hand Weapons
 q - the +8 trident of the Octopus King (weapon) {venom, rElec rPois MR+}
   (You found it on level 11 of the Dungeon)

   It poisons the flesh of those it strikes.
   It insulates you from electricity.
   It protects you from poison.
   It affects your resistance to hostile enchantments.
 x - a +3 vorpal war axe
Armour
 b - a +0 animal skin
 g - a +0 pair of boots (worn)
 r - a +0 leather armour
 u - the +1 ring mail of Vehumet's Esteem (worn) {rElec rF+}
   (You found it on level 4 of the Dungeon)

   It protects you from fire.
   It insulates you from electricity.
 B - a +0 cloak (worn)
Jewellery
 d - an uncursed amulet of magic regeneration
 h - an amulet of guardian spirit (around neck)
 v - an uncursed ring of resist corrosion
 w - a ring of protection from fire (right hand)
 M - an uncursed ring of fire
 S - the amulet "Voxuhef" {RegenMP *Slow rPois Str+3, unknown}
   (You found it on level 2 of the Lair of Beasts)

   [amulet of magic regeneration]

   It increases your magic regeneration.
   It affects your strength (+3).
   It protects you from poison.
   It may slow you when you take damage.
 U - a ring of poison resistance (left hand)
Wands
 f - a wand of enslavement (6)
 n - a wand of clouds (6)
 y - a wand of flame (31)
 A - a wand of iceblast (8)
 C - a wand of random effects (16)
 F - a wand of disintegration (30)
 J - a wand of acid (12)
 Q - a wand of polymorph (7)
Scrolls
 l - 12 scrolls of identify
 o - 8 scrolls of remove curse
 s - 3 scrolls of magic mapping
 I - 3 scrolls of enchant weapon
 T - 2 scrolls of fog
Potions
 e - 7 potions of curing
 i - 4 potions of magic
 j - 2 potions of might
 m - 4 potions of cancellation
 p - 2 potions of invisibility
 t - 3 potions of haste {unknown}
 z - 3 potions of mutation {unknown}
 D - 4 potions of degeneration {unknown}
 G - a potion of ambrosia {unknown}
 H - 3 potions of lignification {unknown}
 L - 3 potions of flight {unknown}
Miscellaneous
 a - a lightning rod (4/4)
Comestibles
 c - 22 rations


   Skills:
 + Level 18.0 Fighting
 - Level 16.0(16.9) Axes
 + Level 8.8(12.3) Polearms
 + Level 9.1 Armour
 - Level 1.5 Dodging


You had 12 spell levels left.
You didn't know any spells.
Your spell library was empty.

Dungeon Overview and Level Annotations

Branches:
Dungeon (11/15)            Temple (0/1) D:5            Lair (4/6) D:11
 Shoals (0/4) Lair:3        Snake (0/4) Lair:4          Orc (0/2) D:10

Altars:
Ashenzari
Dithmenos
Kikubaaqudgha
Nemelex Xobeh
Ru
Sif Muna
Uskayaw
Wu Jian
Yredelemnul
Zin
The Shining One
Jiyva

Shops:
D:4 %

Annotations:
Lair:3 skumtomte's ghost, journeyman TrIE


Message History

Skumtomte's ghost is moderately damaged.
Skumtomte's ghost casts a spell at you.
You are frozen.
* * * LOW HITPOINT WARNING * * *
You impale skumtomte's ghost!!
Skumtomte's ghost is severely damaged.
Your skin stops crawling.
You feel less resistant to hostile enchantments.
You closely miss skumtomte's ghost.
Skumtomte's ghost is severely damaged.
Skumtomte's ghost says, "You will join me soon!"
Skumtomte's ghost hits you!
* * * LOW HITPOINT WARNING * * *
You puncture skumtomte's ghost!
Skumtomte's ghost is severely damaged.
You miss skumtomte's ghost.
Skumtomte's ghost is severely damaged.
Skumtomte's ghost casts a spell at you.
You are frozen.
You die...

#...............##.....#
#.(..............#....##
#................#....#
#.................#...##
#P.....................#
####...................##
#.............#...#..# #
##................#### ##
##..........@#...P# .##
##........##WJ..## ..#
##......#.#J...# ..##
#P....##.#....# ...##
###...###.....### ....#
##.#.##P.....#.# ....#
#.####........## ..###
### #.......## #.#
#.......#


You could see 2 slime creatures and skumtomte's ghost.

Vanquished Creatures
  Gastronok (Lair:3)
  A death ooze (Lair:3)
  A hydra (Lair:4)
  Erolcha (D:11)
  Fannar (Lair:2)
  Erica (D:11)
  A centaur warrior (D:11)
  3 two-headed ogres
  5 death yaks (Lair:3)
  Sonja (Lair:3)
  3 ugly things (D:11)
  A slime creature (Lair:4)
  A manticore (Lair:3)
  A black mamba (Lair:2)
  Joseph (D:8)
  2 spiny frogs
  2 rime drakes (Lair:4)
  4 komodo dragons
  A troll (D:11)
  2 polar bears
  A dream sheep (Lair:4)
  3 hippogriffs
  5 blink frogs
  A spriggan (D:11)
  27 yaks
  3 vampires
  A wyvern (D:8)
  A hungry ghost (D:8)
  4 nagas (Lair:4)
  8 water moccasins
  5 porcupines
  An ice beast (D:5)
  A sky beast (D:5)
  12 ogres
  A phantom (D:7)
  A necrophage (D:9)
  16 wolves
  4 centaurs
  12 crocodiles
  A big kobold (D:8)
  14 bullfrogs
  3 scorpions
  15 killer bees
  7 wights
  2 howler monkeys
  5 crimson imps
  4 centaur zombies
  A jelly (D:7)
  4 hounds
  8 orc priests
  A bullfrog skeleton (D:5)
  2 centaur skeletons
  A gnoll shaman (D:8)
  An iguana (D:3)
  10 orc wizards
  Jessica (D:2)
  Ijyb (D:3)
  Natasha (thrice) (D:2)
  7 worker ants
  A hound zombie (D:5)
  8 gnolls
  2 howler monkey skeletons
  12 adders
  3 shadow imps
  An ooze (D:3)
  An adder skeleton (D:6)
  3 worms
  5 dart slugs
  10 leopard geckos
  65 orcs
  15 bats
  A bat zombie (D:9)
  5 giant cockroaches
  13 goblins
  11 hobgoblins
  9 jackals
  A quokka (D:5)
  6 frilled lizards
  2 giant cockroach zombies
  10 kobolds
  A leopard gecko skeleton (D:8)
  9 rats
426 creatures vanquished.

Vanquished Creatures (collateral kills)
  A death yak (Lair:3)
  A cyclops (D:11)
  A spiny frog (Lair:3)
  2 rime drakes (Lair:3)
  A merfolk (D:11)
  3 dream sheep (Lair:4)
  A wyvern (D:11)
  A yak (Lair:2)
  An orc warrior (D:10)
  An ogre (D:7)
  4 wolves (Lair:2)
  2 centaurs (D:11)
  2 bullfrogs
  An orc priest (D:10)
  A worker ant (D:11)
  3 orc wizards
  An adder (D:11)
  4 orcs
  4 goblins (D:7)
35 creatures vanquished.

Vanquished Creatures (others)
  An orc (D:11)
  37 fungi
  32 plants (D:11)
70 creatures vanquished.

Grand Total: 531 creatures vanquished

Notes
Turn   | Place    | Note
-------+----------+-------------------------------------------
     0 | D:1      | Kerr0r the Hill Orc Berserker began the quest for the Orb.
     0 | D:1      | Reached XP level 1. HP: 19/19 MP: 1/1
   378 | D:1      | Reached XP level 2. HP: 27/27 MP: 2/2
   385 | D:1      | Reached skill level 4 in Fighting
  1054 | D:1      | Reached XP level 3. HP: 30/34 MP: 3/3
  1662 | D:1      | Reached skill level 5 in Axes
  1828 | D:2      | Reached ** piety under Trog
  2155 | D:2      | Reached XP level 4. HP: 41/41 MP: 4/4
  2198 | D:2      | Reached skill level 5 in Fighting
  2227 | D:2      | Found a shadowy altar of Dithmenos.
  2327 | D:2      | Noticed Natasha
  2333 | D:2      | Killed Natasha
  2333 | D:2      | Reached XP level 5. HP: 37/48 MP: 5/5
  2509 | D:2      | Noticed Jessica
  2521 | D:2      | Killed Jessica
  2709 | D:2      | Noticed Natasha
  2716 | D:2      | Killed Natasha
  3306 | D:2      | Noticed Natasha
  3316 | D:2      | Killed Natasha
  3316 | D:2      | Reached skill level 6 in Fighting
  3316 | D:2      | Reached XP level 6. HP: 42/57 MP: 6/6
  3633 | D:3      | Reached *** piety under Trog
  4028 | D:3      | Noticed Ijyb
  4036 | D:3      | Killed Ijyb
  4614 | D:4      | Found Nuno's Food Emporium.
  4733 | D:4      | Bought a ration for 60 gold pieces
  4733 | D:4      | Bought a ration for 60 gold pieces
  5155 | D:4      | Reached XP level 7. HP: 55/64 MP: 7/7
  5228 | D:4      | Reached skill level 7 in Fighting
  5607 | D:4      | Got a bloodstained ring mail
  5639 | D:3      | Identified the cursed +1 ring mail of Vehumet's Esteem
                  | {rElec rF+} (You found it on level 4 of the Dungeon)
  6223 | D:5      | Entered Level 5 of the Dungeon
  6519 | D:5      | Noticed a two-headed ogre
  6543 | D:4      | Killed a two-headed ogre
  6543 | D:4      | Reached skill level 9 in Fighting
  6543 | D:4      | Reached skill level 10 in Axes
  6543 | D:4      | Reached XP level 8. HP: 78/78 MP: 8/8
  7040 | D:5      | Reached skill level 10 in Fighting
  7040 | D:5      | Reached XP level 9. HP: 85/85 MP: 9/9
  7264 | D:5      | Found a sacrificial altar of Ru.
  7487 | D:5      | Reached **** piety under Trog
  7639 | D:5      | Found a staircase to the Ecumenical Temple.
  8101 | D:6      | Reached skill level 11 in Fighting
  9485 | D:7      | Reached skill level 12 in Fighting
  9485 | D:7      | Reached XP level 10. HP: 97/97 MP: 10/10
  9932 | D:8      | Noticed Joseph
  9943 | D:8      | Killed Joseph
 10061 | D:8      | Found a glowing silver altar of Zin.
 10740 | D:8      | Reached skill level 13 in Fighting
 11389 | D:8      | Found a basalt altar of Yredelemnul.
 11507 | D:9      | Found a hide-covered altar of Uskayaw.
 11523 | D:9      | Found a sparkling altar of Nemelex Xobeh.
 11534 | D:9      | Found an ornate altar of the Wu Jian Council.
 11715 | D:9      | Found a shimmering blue altar of Sif Muna.
 11755 | D:9      | Found a shattered altar of Ashenzari.
 11817 | D:9      | Found an ancient bone altar of Kikubaaqudgha.
 11935 | D:10     | Entered Level 10 of the Dungeon
 12118 | D:10     | Reached ***** piety under Trog
 12606 | D:10     | Found a sacrificial altar of Ru.
 12653 | D:10     | Found a shattered altar of Ashenzari.
 12675 | D:10     | Noticed a two-headed ogre
 12687 | D:10     | Killed a two-headed ogre
 12687 | D:10     | Reached XP level 11. HP: 80/108 MP: 7/11
 12917 | D:10     | Reached skill level 15 in Axes
 12974 | D:10     | Found a staircase to the Orcish Mines.
 13224 | D:10     | Noticed a two-headed ogre
 13230 | D:10     | Killed a two-headed ogre
 13230 | D:10     | Reached skill level 14 in Fighting
 13428 | D:11     | Noticed a purple ugly thing
 13436 | D:11     | Killed a purple ugly thing
 13635 | D:11     | Noticed a white ugly thing
 13643 | D:11     | Noticed a brown ugly thing
 13646 | D:11     | Killed a white ugly thing
 13655 | D:11     | Killed a brown ugly thing
 13932 | D:11     | Found a glowing golden altar of the Shining One.
 13954 | D:11     | Noticed Erica
 13961 | D:11     | Killed Erica
 13994 | D:11     | Noticed Erolcha
 14007 | D:11     | Killed Erolcha
 14007 | D:11     | Reached skill level 15 in Fighting
 14202 | D:11     | Noticed a centaur warrior
 14215 | D:11     | Killed a centaur warrior
 14357 | D:11     | Noticed a cyclops
 14359 | D:11     | Found the +8 trident of the Octopus King {venom, rElec
                  | rPois MR+}
 14367 | D:11     | Killed a cyclops
 14367 | D:11     | Reached skill level 16 in Fighting
 14367 | D:11     | Reached XP level 12. HP: 66/122 MP: 7/12
 14588 | D:11     | Reached skill level 1 in Polearms
 14592 | D:11     | Found a staircase to the Lair.
 14665 | Lair:1   | Entered Level 1 of the Lair of Beasts
 16438 | Lair:2   | Reached skill level 5 in Armour
 16741 | Lair:2   | Got a warped zirconium amulet
 16787 | Lair:2   | Reached skill level 5 in Polearms
 17390 | Lair:2   | Noticed Fannar
 17399 | Lair:2   | Killed Fannar
 18100 | Lair:3   | Reached skill level 17 in Fighting
 18179 | Lair:3   | Noticed Sonja
 18180 | Lair:3   | Cast into level 2 of the Abyss (Sonja)
 18191 | Lair:3   | Escaped the Abyss
 18265 | Lair:3   | Found a staircase to the Shoals.
 18417 | Lair:3   | Noticed a death yak
 18424 | Lair:3   | Noticed a death yak
 18425 | Lair:3   | Noticed a death yak
 18426 | Lair:3   | Noticed a death yak
 18428 | Lair:3   | Killed a death yak
 18428 | Lair:3   | Reached XP level 13. HP: 118/132 MP: 11/13
 18785 | Lair:3   | Noticed Gastronok
 18823 | Lair:3   | Killed Gastronok
 19254 | Lair:3   | Killed Sonja
 19868 | Lair:4   | Found a runed translucent gate.
 20391 | Lair:4   | Found a staircase to the Snake Pit.
 20875 | Lair:4   | Found a runed translucent gate.
 20875 | Lair:4   | Found a runed translucent gate.
 20879 | Lair:4   | Noticed a death ooze
 20879 | Lair:4   | Noticed skumtomte's ghost (journeyman TrIE)
 20903 | Lair:4   | Found a viscous altar of Jiyva.
 20982 | Lair:3   | Killed a death ooze
 20982 | Lair:3   | Reached skill level 18 in Fighting
 21334 | Lair:3   | HP: 3/196 [skumtomte's ghost (16)]
 21336 | Lair:3   | Killed from afar by skumtomte's ghost

Illustrated notes

Levels and vault maps discovered:
D:1:      evilmike_arrival_fibonacci_small, layout_basic, roderic_lattice_a
D:2:      layout_loops_corners, nicolae_dithmenos_shadow_blocks,
          guppyfry_early_orc_mine, uniq_natasha, uniq_jessica
D:3:      layout_basic, uniq_ijyb
D:4:      layout_rooms, serial_shops, nicolae_shop_stone, first_ration
D:5:      wad_river_or_something, layout_basic, old_standard_altar,
          minmay_temple_entry_drinking_statues
D:6:      layout_loops_corners
D:7:      layout_basic, enter_bailey_3
D:8:      layout_loops_ring, kennysheep_mini, old_standard_altar, uniq_joseph
D:9:      layout_big_octagon, ashenzari_altar_1, lemuel_blue_sif_altar,
          eat_drink_and_be_merry_uskayaw, nemelex_xobeh_ov_fountains_minmay,
          old_standard_altar, lemuel_zombie_altar_kikubaaqudgha
D:10:     layout_long_grid, hiddenorc2_lemuel, basic_altar,
          nicolae_ru_the_path_less_chosen
D:11:     layout_long_grid, due_lair_maze_entry_diamond, hangedman_stone_soup,
          tso_metal_star, uniq_erolcha, uniq_erica
Lair:1:   layout_gridlike, minivault_26, beast_lair_carwin_7,
          grunt_megastairs_4, lemuel_fruit_tree
Lair:2:   layout_gridlike, grunt_megastairs_5, uniq_fannar
Lair:3:   layout_cave_pods, minmay_shoals_entry_beasts,
          infiniplex_staircase_pool, uniq_gastronok, uniq_sonja
Lair:4:   layout_long_grid, minmay_snake_entry_guardpost_small,
          gammafunk_ghost_ooze, grunt_megastairs_3

Skill      XL: |  1  2  3  4  5  6  7  8  9 10 11 12 13 |
---------------+----------------------------------------+-----
Fighting       | 4 5 6 9 10 12 13 16 17 18 | 18.0
Axes           | 5 6 7 10 11 12 14 16 | 16.0
Polearms       | 6 8 |  8.8
Armour         | 6 9 |  9.1
Dodging        | |  1.5

Action                   |  1- 3 |  4- 6 |  7- 9 | 10-12 | 13-15 || total
-------------------------+-------+-------+-------+-------+-------++-------
Melee: Hand axe          |   136 |   207 |   163 |       |       ||   506
       War axe           |       |       |   102 |   299 |       ||   401
       Trident           |       |       |       |   271 |   190 ||   461
Invok: Berserk           |     1 |     6 |    12 |    27 |     6 ||    52
       Trog's Hand       |       |       |     2 |     7 |     3 ||    12
       Brothers in Arms  |       |       |       |    10 |     4 ||    14
  Use: Scroll            |       |     3 |    12 |     8 |     3 ||    26
       Potion            |       |       |       |     1 |     3 ||     4
 Stab: Sleeping          |       |     2 |       |       |       ||     2
       Distracted        |       |       |       |     1 |       ||     1
  Eat: Chunk             |     5 |    15 |    23 |    43 |     5 ||    91
       Ration            |       |       |     1 |     5 |     3 ||     9
Armor: Animal skin       |    39 |    18 |       |       |       ||    57
       Leather armour    |       |     1 |     5 |       |       ||     6
       Ring mail         |       |       |    57 |   176 |    45 ||   278
Dodge: Dodged            |   104 |   126 |   115 |   271 |    53 ||   669
